 Dungeon Sprint DCSS version 0.30-a0-116-g3b1a8e4ee4 (webtiles) character file.

Game seed: 12400427983089216882

13910 mhtbhm the Earth Mage (level 12, -12/59 HPs)
             Began as a Gargoyle Earth Elementalist on Sept 13, 2022.
             Was the Champion of Vehumet.
             Mangled by Donald
             ... wielding a +0 demon trident
              (25 damage)
             ... in the Dungeon (Sprint VII: "The Pits").
             The game lasted 00:20:14 (5166 turns).

mhtbhm the Earth Mage (Gargoyle Earth Elementalist) Turns: 5166, Time: 00:20:15

Health: -12/59     AC: 16    Str: 12    XL:     12   Next: 11%
Magic:  20/32      EV: 14    Int: 24    God:    Vehumet [******]
Gold:   25         SH:  0    Dex: 10    Spells: 11/44 levels left

rFire   . . .      SeeInvis .    i - +4 quarterstaff (speed)
rCold   . . .      Faith    .    (shield currently unavailable)
rNeg    + . .      Spirit   .    a - +0 robe
rPois   ∞          Reflect  .    (no helmet)
rElec   +          Harm     .    p - +0 cloak
rCorr   .          Rampage  .    r - +0 pair of gloves
Will    .....      NoTele   +    q - +0 pair of boots
Stlth   +++.......               z - amulet of regeneration
HPRegen 0.99/turn                k - +3 ring of intelligence
MPRegen 0.23/turn                m - +3 ring of protection

@: no status effects
A: sickness immunity, AC +8, negative energy resistance 1, electricity
resistance, torment resistance 1, petrification resistance
a: Renounce Religion


You were in the Dungeon.
You worshipped Vehumet.
Vehumet was exalted by your worship.
You visited 1 branch You collected 25 gold pieces.

Inventory:

Hand Weapons
 i - a +4 quarterstaff of speed (weapon)
Armour
 a - a +0 robe (worn)
 p - a +0 cloak (worn)
 q - a +0 pair of boots (worn)
 r - a +0 pair of gloves (worn)
Magical Staves
 d - a staff of fire
Jewellery
 b - a ring of positive energy
 k - a +3 ring of intelligence (left hand)
 m - a +3 ring of protection (right hand)
 y - a ring of protection from cold
 z - an amulet of regeneration (around neck)
Scrolls
 f - 5 scrolls of amnesia
 l - 4 scrolls of enchant armour
 s - 2 scrolls of enchant weapon
 t - 2 scrolls of identify
 w - a scroll of fear
 A - a scroll of poison
Potions
 c - 8 potions of curing
 j - 4 potions of heal wounds
 o - a potion of resistance
 v - a potion of brilliance
 x - 2 potions of mutation


   Skills:
 + Level 4.8 Staves
 + Level 8.2 Dodging
 + Level 7.4 Stealth
 + Level 0.6 Unarmed Combat
 + Level 16.8 Spellcasting
 + Level 11.3 Conjurations
 + Level 3.0 Hexes
 + Level 3.4 Transmutations
 + Level 3.0 Fire Magic
 + Level 0.5 Ice Magic
 + Level 20.1 Earth Magic


You had 11 spell levels left.
You knew the following spells:

 Your Spells              Type           Power      Damage    Failure   Level
a - Sandblast             Erth           100%       2d20      0%          1
b - Passwall              Tmut/Erth      55%        N/A       1%          2
c - Stone Arrow           Conj/Erth      100%       3d13      0%          3
d - Petrify               Tmut/Erth      67%        N/A       1%          4
e - Dazzling Flash        Conj/Hex       100%       N/A       1%          3
f - Inner Flame           Hex/Fire       34%        N/A       1%          3
g - Hailstorm             Conj/Ice       48%        3d11      1%          4
h - Eringya's Noxious Bo  Tmut/Pois      14%        N/A       43%         6
i - Orb of Destruction    Conj           33%        9d10      5%          7

Your spell library contained the following spells:

 Spells                   Type           Power      Damage    Failure   Level


Dungeon Overview and Level Annotations

Branches:
Dungeon (1/1)

Altars:
Ashenzari
Cheibriados
Dithmenos
Elyvilon
Fedhas
Gozag
Hepliaklqana
Kikubaaqudgha
Makhleb
Nemelex Xobeh
Okawaru
Qazlal
Ru
Sif Muna
Trog
Uskayaw
Vehumet
Wu Jian
Xom
Yredelemnul
Zin
The Shining One
Jiyva
Lugonu

Annotations:
D Donald


Innate Abilities, Weirdness & Mutations

You are immune to sickness and miasma.
Your stone body is resilient. (AC +8)
You are immune to poison.
You resist negative energy. (rN+)
You are resistant to electric shocks. (rElec)
You are resistant to unholy torment.
You are immune to petrification.


Message History

You kill your butterfly!
Your butterfly disappears in a burst of colours!
Donald says, "My hands hurt, too."; Donald says, "I hate hellfire."
Donald hits you from afar with a +0 demon trident!
The cyclops is engulfed in blazing flames.
You kill the cyclops!
Vehumet accepts your kill.
You feel your power returning.
Your Fire Magic skill increases to level 3!
Unknown command.
Casting: Inner Flame (safe; 1% risk of failure)
Confirm with . or Enter, or press ? or * to list all spells.
Aiming: Inner Flame (safe; 1% risk of failure)
Press: ? - help, Dir - move target, f - Donald, p - butterfly
Aim: Donald, wielding a +0 demon trident, wearing a +0 chain mail and wearing a +0 kite shield (fast, strong, ally target, chance to affect: 24%)
Okay, then.
You feel much better.
Donald says, "Let it end in hellfire?
When do you get a hellfire spell?" Donald closely misses you.
Donald hits you from afar with a +0 demon trident!
Unknown command.
Casting: Inner Flame (safe; 1% risk of failure)
Confirm with . or Enter, or press ? or * to list all spells.
Aiming: Inner Flame (safe; 1% risk of failure)
Press: ? - help, Dir - move target, f - butterfly, p - butterfly
Aim: a butterfly (summoned, friendly, chance to affect: 91%)
Your butterfly barely resists.
Donald misses you.
Unknown command.
Casting: Inner Flame (safe; 1% risk of failure)
Confirm with . or Enter, or press ? or * to list all spells.
Aiming: Inner Flame (safe; 1% risk of failure)
Press: ? - help, Dir - move target, f - butterfly, p - butterfly
Aim: a butterfly (summoned, friendly, chance to affect: 91%)
Your butterfly is filled with an inner flame.
Donald hits you from afar with a +0 demon trident!!
Ouch! That really hurt!
* * * LOW HITPOINT WARNING * * *
Donald hits you from afar with a +0 demon trident!!
You die...

#####++##### #..........#
#..........# +..#....#..#
+..........# #.....bb...#
##############..#....#..#
)...........''...b......#
............''..@.@.bb..#
#+########..##..#.bb.#b.#
#..##.......§§§+
#..##.......§.§+
#..####b'####§☼#
#..####''####''#
#..##......##....
##########..##.#'##.##)....
............##.#..'.##..####


You could see Donald (fast, strong, ally target).

Vanquished Creatures
  A bone dragon (D)
  Gastronok (D)
  An emperor scorpion (D)
  A death yak (D)
  A deep troll (D)
  A deep elf zephyrmancer (D)
  A manticore (D)
  A cyclops (D)
  7 elephants (D)
  2 smoke demons (D)
  An efreet (D)
  2 ice devils (D)
  A demonic crawler (D)
  A yaktaur (D)
  A hornet (D)
  A merfolk (D)
  2 tarantellas (D)
  5 dream sheep (D)
  2 jumping spiders (D)
  A snapping turtle (D)
  A fire bat (D)
  A ynoxinul (D)
  A small abomination (D)
  3 redbacks (D)
  A chaos spawn (D)
  A basilisk (D)
  2 acid dragons (D)
  A water moccasin (D)
  An orc warrior (D)
  An ice beast (D)
  A bullfrog (D)
  A necrophage (D)
  A scorpion (D)
  2 crimson imps (D)
  A hound (D)
  2 orc priests (D)
  2 orc wizards (D)
  2 hell rats (D)
  A mummy (D)
  A river rat (D)
  2 white imps (D)
  2 ufetubi (D)
  2 adder zombies (D)
  2 worms (D)
  8 orcs (D)
  A giant cockroach (D)
  2 goblins (D)
  4 jackals (D)
  A quokka (D)
  3 frilled lizards (D)
88 creatures vanquished.

Notes
Turn   | Place    | Note
-------+----------+-------------------------------------------
     0 | D        | mhtbhm the Gargoyle Earth Elementalist began the quest for
                  | the Orb.
     0 | D        | Reached XP level 1. HP: 10/10 MP: 3/3
    11 | D        | Noticed a scorpion
    41 | D        | Killed a scorpion
    42 | D        | Reached skill level 1 in Transmutations
    42 | D        | Reached skill level 7 in Earth Magic
    42 | D        | Reached XP level 2. HP: 15/15 MP: 1/6
    42 | D        | Reached XP level 3. HP: 19/19 MP: 1/8
   102 | D        | Found a bloodstained altar of Trog.
   102 | D        | Found a shimmering blue altar of Sif Muna.
   102 | D        | Found a viscous altar of Jiyva.
   102 | D        | Found a hazy altar of Hepliaklqana.
   102 | D        | Found an opulent altar of Gozag.
   103 | D        | Found a glowing golden altar of the Shining One.
   103 | D        | Found a glowing silver altar of Zin.
   103 | D        | Found a basalt altar of Yredelemnul.
   103 | D        | Found a shimmering altar of Xom.
   103 | D        | Found an ornate altar of the Wu Jian Council.
   103 | D        | Found a sacrificial altar of Ru.
   103 | D        | Found a stormy altar of Qazlal.
   103 | D        | Found an iron altar of Okawaru.
   103 | D        | Found a sparkling altar of Nemelex Xobeh.
   103 | D        | Found a burning altar of Makhleb.
   103 | D        | Found a blossoming altar of Fedhas.
   103 | D        | Found a white marble altar of Elyvilon.
   103 | D        | Found a shadowy altar of Dithmenos.
   103 | D        | Found a snail-covered altar of Cheibriados.
   105 | D        | Found a radiant altar of Vehumet.
   105 | D        | Found a corrupted altar of Lugonu.
   106 | D        | Found a hide-covered altar of Uskayaw.
   106 | D        | Found an ancient bone altar of Kikubaaqudgha.
   106 | D        | Found a broken altar of Ashenzari.
   113 | D        | Became a worshipper of Vehumet
   159 | D        | Reached XP level 4. HP: 11/24 MP: 5/9
   162 | D        | Learned a level 2 spell: Passwall
   166 | D        | Learned a level 3 spell: Stone Arrow
   171 | D        | Learned a level 4 spell: Petrify
   320 | D        | Reached * piety under Vehumet
   320 | D        | Offered knowledge of Magic Dart by Vehumet.
   440 | D        | Reached ** piety under Vehumet
   514 | D        | Offered knowledge of Foxfire by Vehumet.
   515 | D        | Noticed a bullfrog
   519 | D        | Reached *** piety under Vehumet
   520 | D        | Reached skill level 8 in Earth Magic
   524 | D        | Killed a bullfrog
   525 | D        | Reached skill level 5 in Spellcasting
   525 | D        | Reached skill level 9 in Earth Magic
   525 | D        | Reached XP level 5. HP: 18/28 MP: 5/13
   547 | D        | Reached **** piety under Vehumet
   787 | D        | Offered knowledge of Dazzling Flash by Vehumet.
   787 | D        | Reached ***** piety under Vehumet
   788 | D        | Reached skill level 10 in Earth Magic
   805 | D        | Learned a level 3 spell: Dazzling Flash
   805 | D        | Noticed an elephant
   818 | D        | Killed an elephant
   818 | D        | Offered knowledge of Inner Flame by Vehumet.
   819 | D        | Reached skill level 12 in Earth Magic
   819 | D        | Reached XP level 6. HP: 25/32 MP: 3/17
   819 | D        | Reached XP level 7. HP: 28/36 MP: 3/19
   823 | D        | Learned a level 3 spell: Inner Flame
  1024 | D        | Noticed a fire bat
  1026 | D        | Offered knowledge of Frozen Ramparts by Vehumet.
  1028 | D        | Killed a fire bat
  1029 | D        | Reached skill level 13 in Earth Magic
  1031 | D        | Reached skill level 5 in Dodging
  1031 | D        | Reached skill level 10 in Spellcasting
  1031 | D        | Reached XP level 8. HP: 18/41 MP: 15/22
  1210 | D        | Noticed an efreet
  1213 | D        | Offered knowledge of Hailstorm by Vehumet.
  1214 | D        | Noticed a manticore
  1216 | D        | Killed an efreet
  1217 | D        | Reached skill level 14 in Earth Magic
  1529 | D        | Killed a manticore
  1849 | D        | Learned a level 4 spell: Hailstorm
  1872 | D        | Noticed an elephant
  1874 | D        | Noticed a ynoxinul
  1878 | D        | Killed a ynoxinul
  1879 | D        | Reached skill level 15 in Earth Magic
  1879 | D        | Reached XP level 9. HP: 45/45 MP: 11/24
  1881 | D        | Killed an elephant
  1882 | D        | Reached skill level 5 in Conjurations
  2093 | D        | Noticed a deep elf zephyrmancer
  2093 | D        | Noticed an ice devil
  2099 | D        | Killed a deep elf zephyrmancer
  2101 | D        | Killed an ice devil
  2102 | D        | Reached skill level 1 in Hexes
  2102 | D        | Reached skill level 1 in Fire Magic
  2102 | D        | Reached skill level 16 in Earth Magic
  2102 | D        | Reached ****** piety under Vehumet
  2213 | D        | Offered knowledge of Freezing Cloud by Vehumet.
  2216 | D        | Noticed a smoke demon
  2219 | D        | Noticed a demonic crawler
  2220 | D        | Noticed Gastronok
  2223 | D        | Noticed an ice devil
  2230 | D        | Reached XP level 10. HP: 30/50 MP: 20/27
  2242 | D        | Killed a demonic crawler
  2243 | D        | Reached skill level 17 in Earth Magic
  2318 | D        | HP: 2/50 [burnt (7)]
  2320 | D        | Killed a smoke demon
  2341 | D        | Reached skill level 5 in Stealth
  2342 | D        | Offered knowledge of Lightning Bolt by Vehumet.
  2343 | D        | Reached skill level 1 in Staves
  2711 | D        | Killed Gastronok
  2712 | D        | Reached skill level 18 in Earth Magic
  2712 | D        | Reached XP level 11. HP: 30/54 MP: 11/29
  3062 | D        | Offered knowledge of Eringya's Noxious Bog by Vehumet.
  3078 | D        | Learned a level 6 spell: Eringya's Noxious Bog
  3218 | D        | Reached skill level 15 in Spellcasting
  3262 | D        | Noticed a deep troll
  3268 | D        | Offered knowledge of Starburst by Vehumet.
  3282 | D        | Killed a deep troll
  3283 | D        | Reached skill level 19 in Earth Magic
  3726 | D        | Noticed a death yak
  3739 | D        | Killed a death yak
  3740 | D        | Reached skill level 10 in Conjurations
  3989 | D        | Noticed Donald
  3989 | D        | Noticed a cyclops
  4047 | D        | Noticed an emperor scorpion
  4047 | D        | Noticed a bone dragon
  4139 | D        | Killed a bone dragon
  4143 | D        | Offered knowledge of Orb of Destruction by Vehumet.
  4180 | D        | Learned a level 7 spell: Orb of Destruction
  4372 | D        | Killed an emperor scorpion
  4632 | D        | Reached skill level 20 in Earth Magic
  4648 | D        | Reached XP level 12. HP: 37/59 MP: 7/32
  5166 | D        | Mangled by Donald

Illustrated notes

Levels and vault maps discovered:
D:        pitsprint [storerooms_1, entrance_room_1, metal_vault_5, armoury_2,
          mini_pit_1, grid_room_1, main_hall_1, silver_pit, the_coven_3,
          the_vestibule_1, steel_vault_1, golden_pit, hallway_of_sentries,
          crystal_vault_2, iron_vault_1, final_vault]

Skill      XL: |  1  2  3  4  5  6  7  8  9 10 11 12 |
---------------+-------------------------------------+-----
Dodging        | 2 3 4 5 6 8 |  8.2
Stealth        | 3 4 7 |  7.4
Spellcasting   | 3 5 8 10 11 13 14 16 | 16.8
Transmutations | 1 2 3 |  3.4
Earth Magic    | 7 9 12 13 15 16 18 20 | 20.1
Conjurations   | 2 4 7 9 11 | 11.3
Hexes          | 1 2 3 |  3.0
Fire Magic     | 1 2 3 |  3.0
Staves         | 2 4 |  4.8
Unarmed Combat | |  0.6
Ice Magic      | |  0.5

Action                   |  1- 3 |  4- 6 |  7- 9 | 10-12 || total
-------------------------+-------+-------+-------+-------++-------
Melee: Unarmed           |     5 |       |       |       ||     5
       Quarterstaff      |       |     2 |       |    57 ||    59
 Cast: Sandblast         |     9 |    28 |    13 |    38 ||    88
       Stone Arrow       |       |     4 |    31 |    95 ||   130
       Petrify           |       |       |     2 |     5 ||     7
       Dazzling Flash    |       |       |     1 |     3 ||     4
       Inner Flame       |       |       |     1 |    10 ||    11
       Hailstorm         |       |       |       |     1 ||     1
       Orb of Destructio |       |       |       |     4 ||     4
  Use: Potion            |     4 |     1 |     2 |    27 ||    34
       Scroll            |       |       |       |     5 ||     5
 Stab: Petrified         |       |       |       |    12 ||    12
Armor: Robe              |     2 |     8 |     9 |    71 ||    90
       Skin              |       |       |       |    31 ||    31
Dodge: Dodged            |     4 |    24 |    12 |   114 ||   154

Table legend: (Time is in decaauts)
 A = Elapsed time spent in this place.
 B = Non-inter-level travel time spent in this place.
 C = Inter-level travel time spent in this place.
 D = Time resting spent in this place.
 E = Time spent auto-exploring this place.
 F = Levels seen in this place.
 G = Mean time per level.
                   A        B        C        D        E       F      G
               +--------+--------+--------+--------+--------+-----+--------+
         Total |   5157 |   5144 |     13 |   3619 |     30 |   1 | 5157.0 |
       Dungeon |   5157 |   5144 |     13 |   3619 |     30 |   1 | 5157.0 |
               +--------+--------+--------+--------+--------+-----+--------+

Top non-repeatable levels by time:
       D: 5157 daAuts
